 Dungeon Crawl Stone Soup version 0.31-a0-358-gac0dbeb3ab (webtiles) character file.

Game seed: 6992676455329596806

115 HallandMoats the Trooper (level 4, 0/38 HPs)
             Began as a Demonspawn Fighter on July 26, 2023.
             Slain by a cerulean imp
             ... wielding a +3 spear
             ... summoned by Natasha
              (4 damage)
             ... on level 2 of the Dungeon.
             The game lasted 00:02:57 (2159 turns).

HallandMoats the Trooper (Demonspawn Fighter)       Turns: 2159, Time: 00:02:58

Health: 0/38       AC: 11    Str: 18    XL:     4   Next: 68%
Magic:  7/7        EV:  9    Int: 10    God:
Gold:   172        SH:  4    Dex: 12    Spells: 3/3 levels left

rFire   . .          .
                       - Unarmed
rCold   . . .        b - +0 buckler
rNeg    . . .        a - +0 scale mail
rPois   .            (no helmet)
rElec   .            d - +0 cloak
rCorr   .            (no gloves)
SInv    .            l - +1 pair of boots
Will    .....        (no amulet) Stlth
                     (no ring)
HPRegen 0.26/turn    (no ring)
MPRegen 0.10/turn

%: no passive effects
@: slowed, very slow
A: slimy green scales 1
a: no special abilities


You were on level 2 of the Dungeon.
You visited 1 branch of the dungeon, and saw 2 of its levels.

You collected 172 gold pieces.

Inventory:

Armour
 a - a +0 scale mail (worn)
 b - a +0 buckler (worn)
 d - a +0 cloak (worn)
 l - a +1 pair of boots (worn)
Scrolls
 e - 2 scrolls of immolation {unknown}
 f - a scroll of silence {unknown}
 j - 3 scrolls of identify {unknown}
Potions
 c - 2 potions of might
 g - 2 potions of curing {unknown}
 h - a potion of attraction {unknown}
 i - 2 potions of haste {unknown}
 k - a potion of heal wounds {unknown}
 m - 3 potions of mutation {unknown}


   Skills:
 + Level 4.4 Fighting
 - Level 2.6 Armour
 - Level 2.6 Shields
 - Level 1.7 Unarmed Combat
 + Level 4.0 Invocations


You had 3 spell levels left.
You didn't know any spells.
Your spell library contained the following spells:

 Spells                   Type           Power      Damage    Failure   Level
 Apportation              Tloc           0%         N/A       83%         1
 Necrotise                Necr           0%         1d4       83%         1
 Summon Small Mammal      Summ           0%         N/A       83%         1


Dungeon Overview and Level Annotations

Branches:
Dungeon (2/15)

Altars:

Annotations:
D:2 Natasha


Innate Abilities, Weirdness & Mutations

You are partially covered in slimy green scales. (AC +2)


Message History

You resist with some effort. The cerulean imp barely misses you.
Unknown command.
Natasha attacks as you move away! Natasha claws you but does no damage.
The cerulean imp hits you from afar with a +3 spear.
Natasha barely misses you.
The cerulean imp hits you from afar with a +2 spear.
Natasha stares at you and mumbles some strange words.
The magic dart hits you!
Unknown command.
The cerulean imp hits you but does no damage.
You block Natasha's attack.
The cerulean imp hits you but does no damage.
The cerulean imp hits you from afar with a +2 spear.
Natasha completely misses you.
The cerulean imp hits you but does no damage.
You hit Natasha.
Natasha is almost dead.
You block the cerulean imp's attack. Natasha claws you.
The cerulean imp barely misses you. x2; Natasha claws you.
* * * LOW HITPOINT WARNING * * *
You barely miss Natasha.
Natasha is almost dead.
You block the cerulean imp's attack.
The cerulean imp hits you from afar with a +2 spear.
* * * LOW HITPOINT WARNING * * *
Natasha casts a spell at you.
The magic dart hits you but does no damage.
The cerulean imp hits you from afar with a +3 spear.
* * * LOW HITPOINT WARNING * * *
You hit Natasha.
Natasha is almost dead.
The cerulean imp hits you from afar with a +2 spear.
* * * LOW HITPOINT WARNING * * *
Natasha claws you but does no damage.
The cerulean imp hits you but does no damage.
You block the cerulean imp's attack.
Natasha stares at you and mumbles some strange words.
You feel as though you will be slow longer.
The cerulean imp hits you from afar with a +3 spear.
You die...

#># ####...#######...# #.#
#.......#......... #.#
#.##......####...# #.# #
#........)..#.##
#.####.#.......###.#.#
#†.....#.............#
#.######..#####........##.###
#.....##.....##5.......#...###
########........@h5..............
.........###.##.##.#####..#...###
########## #.##.##.# #..##.##
#.##.##.# ###..##.#### #.##.# ..
.......##.. ...#.# ## ##..#####..
.#...# #..#####.. #### . .###
#......... ...# ## ## #.######..


You could see Natasha and 2 cerulean imps.

Vanquished Creatures
  Natasha (D:2)
  2 adders (D:2)
  3 worms (D:2)
  2 dart slugs
  7 ball pythons
  4 bats
  8 endoplasms
  A giant cockroach (D:2)
  6 goblins
  4 jackals (D:1)
  3 quokkas
  3 frilled lizards
  6 kobolds
  7 rats
57 creatures vanquished.

Notes
Turn   | Place    | Note
-------+----------+-------------------------------------------
     0 | D:1      | HallandMoats the Demonspawn Fighter began the quest for the
                  | Orb.
     0 | D:1      | Reached XP level 1. HP: 18/18 MP: 1/1
   237 | D:1      | Reached skill level 1 in Invocations
   486 | D:1      | Gained mutation: You are partially covered in slimy green
                  | scales. (AC +2) [demonic ancestry]
   486 | D:1      | Reached XP level 2. HP: 17/24 MP: 3/3
   762 | D:1      | Reached XP level 3. HP: 28/29 MP: 4/4
  1756 | D:2      | Reached XP level 4. HP: 34/37 MP: 6/6
  2048 | D:2      | Identified the +5 hand axe of Contumacious Gallantry {vamp,
                  | +Blink Int+3}
  2087 | D:2      | Noticed Natasha
  2101 | D:2      | Killed Natasha
  2138 | D:2      | Noticed Natasha
  2159 | D:2      | Slain by a cerulean imp

Illustrated notes

Levels and vault maps discovered:
D:1:      minmay_arrival_split_and_join, layout_loops_ring
D:2:      layout_loops_ring, minmay_octomino_c4, uniq_natasha

Skill      XL: |  1  2  3  4 |
---------------+-------------+-----
Invocations    | 1 2 3 4 |  4.0
Fighting       | 4 |  4.4
Armour         | |  2.6
Shields        | |  2.6
Unarmed Combat | |  1.7

Action                     |  1- 3 |  4- 6 || total
---------------------------+-------+-------++-------
  Melee: Unarmed           |   207 |    80 ||   287
 Armour: Scale mail        |    92 |    33 ||   125
  Dodge: Dodged            |    88 |    29 ||   117
  Block: Buckler           |    39 |    15 ||    54

Table legend: (Time is in decaauts)
 A = Elapsed time spent in this place.
 B = Non-inter-level travel time spent in this place.
 C = Inter-level travel time spent in this place.
 D = Time resting spent in this place.
 E = Time spent auto-exploring this place.
 F = Levels seen in this place.
 G = Mean time per level.
                   A        B        C        D        E       F      G
               +--------+--------+--------+--------+--------+-----+--------+
         Total |   2172 |   2084 |     88 |    291 |   1158 |   2 | 1086.0 |
       Dungeon |   2172 |   2084 |     88 |    291 |   1158 |   2 | 1086.0 |
               +--------+--------+--------+--------+--------+-----+--------+

Top non-repeatable levels by time:
     D:1: 1183 daAuts
     D:2: 988 daAuts
